 Dungeon Crawl Stone Soup version 0.25-a0-566-g062765be81 (console) character file.

Game seed: 17180350557826853492, levelgen mode: classic

186 Duffy the Magician (level 5, -2/28 HPs)
             Began as a Deep Elf Fire Elementalist on Feb 26, 2020.
             Slain by an orc
             ... wielding a +0 flail
              (13 damage)
             ... on level 3 of the Dungeon.
             The game lasted 00:01:47 (3226 turns).

Duffy the Magician (Deep Elf Fire Elementalist)     Turns: 3226, Time: 00:01:48

Health: -2/28      AC:  3    Str:  5    XL:     5   Next: 38%
Magic:  7/13       EV: 13    Int: 21    God:
Gold:   126        SH:  0    Dex: 15    Spells: 7/12 levels left

rFire    . . .     SeeInvis .   c - 5 rations
rCold    . . .     Gourm    .   (no shield)
rNeg     . . .     Faith    .   a - +0 robe
rPois    .         Spirit   .   (no helmet)
rElec    .         Reflect  .   (no cloak)
rCorr    .         Harm     .   (no gloves)
MR       .....                  e - +0 pair of boots
Stlth    ++........             (no amulet)
HPRegen  0.09/turn              (no ring)
MPRegen  0.13/turn              (no ring)

@: very slightly contaminated
A: no striking features
a: no special abilities


You were on level 3 of the Dungeon.
You were hungry.

You visited 1 branch of the dungeon, and saw 3 of its levels.

You collected 126 gold pieces.

Inventory:

Armour
 a - a +0 robe (worn)
 e - a +0 pair of boots (worn)
Scrolls
 d - a scroll of identify {unknown}
 g - a scroll of teleportation {unknown}
Potions
 b - a potion of lignification {unknown}
 f - a potion of resistance {unknown}
 h - a potion of heal wounds {unknown}
 j - a potion of magic {unknown}
Comestibles
 c - 5 rations (in hand)


   Skills:
 - Level 2.4 Dodging
 - Level 2.4 Stealth
 + Level 4.4 Spellcasting
 + Level 4.3 Conjurations
 + Level 4.3 Fire Magic


You had 7 spell levels left.
You knew the following spells:

 Your Spells              Type           Power        Failure   Level  Hunger
h - Foxfire               Conj/Fire      ###.         1%          1    None
j - Sticky Flame          Conj/Fire      ###.....     19%         4    ####...

Your spell library contained the following spells:

 Spells                   Type           Power        Failure   Level  Hunger
 Conjure Flame            Conj/Fire      ###.....     6%          3    ##.....
 Inner Flame              Hex/Fire       ##......     14%         3    ##.....
 Fireball                 Conj/Fire      ###.......   47%         5    ######.


Dungeon Overview and Level Annotations

Branches:
Dungeon (3/15)

Altars:
Yredelemnul


Message History

Nothing appears to happen.
The foxfire hits the orc.
The orc is severely wounded.
An orc comes into view. It is wielding a +0 trident.
The orc barely misses you.
Unknown command.
Cast which spell? (? or * to list) Nothing appears to happen.
The orc hits you with a +0 flail.
Unknown command.
Cast which spell? (? or * to list) Nothing appears to happen.
The orc closely misses you. The orc hits you with a +0 flail!
Unknown command.
Cast which spell? (? or * to list)
You miscast Foxfire.
You are very lightly contaminated with residual magic.
Nothing appears to happen.
The orc barely misses you. The orc hits you with a +0 flail.
The orc barely misses you.
Unknown command.
The orc completely misses you. The orc hits you with a +0 flail!
You die...

.### .# ######### .#
#.......# .#
#####.#####.# .#
..##.#####.# ##
#####.#.....##.#
#)..#.#..##.##.#
#........##.##o##### #
#..)#.##....v@oo...#
#.##.##.############.#
#......0# ####.####
##...# ####.###.#
.##.## #.# ....# ...
^##.# #..


You could see 3 orcs.

Vanquished Creatures
  A centaur (D:2)
  Jessica (D:3)
  An adder (D:3)
  An ooze (D:3)
  A worm (D:2)
  A dart slug (D:1)
  4 leopard geckos
  2 orcs (D:3)
  A ball python (D:2)
  5 bats
  11 goblins
  9 hobgoblins
  A frilled lizard (D:1)
  2 kobolds
  7 rats
48 creatures vanquished.

Vanquished Creatures (others)
  226 foxfires
226 creatures vanquished.

Grand Total: 274 creatures vanquished

Notes
Turn   | Place    | Note
-------+----------+-------------------------------------------
     0 | D:1      | Duffy the Deep Elf Fire Elementalist began the quest for
                  | the Orb.
     0 | D:1      | Reached XP level 1. HP: 10/10 MP: 6/6
   298 | D:1      | Reached XP level 2. HP: 15/15 MP: 2/8
  1466 | D:2      | Reached XP level 3. HP: 19/19 MP: 5/9
  1558 | D:2      | Found a basalt altar of Yredelemnul.
  1567 | D:2      | Noticed a centaur
  1574 | D:2      | Killed a centaur
  1574 | D:2      | Reached XP level 4. HP: 18/24 MP: 3/12
  1653 | D:2      | Learned a level 4 spell: Sticky Flame
  1900 | D:2      | Found a basalt altar of Yredelemnul.
  2561 | D:3      | Noticed Jessica
  2567 | D:3      | Killed Jessica
  2567 | D:3      | Reached XP level 5. HP: 18/28 MP: 8/13
  3226 | D:3      | Slain by an orc

Levels and vault maps discovered:
D:1:      elethiomel_arrival_shortcut, layout_basic
D:2:      layout_basic, lemuel_crystal_altar, first_ration,
          yredelemnul_altar_generic
D:3:      layout_loops_cross, nicolae_qazlal_style_of_elements, uniq_jessica

Skill      XL: |  1  2  3 |
---------------+----------+-----
Conjurations   | 2 3 4 |  4.3
Spellcasting   | 4 |  4.4
Fire Magic     | 4 |  4.3
Dodging        | |  2.4
Stealth        | |  2.4

Action                   |  1- 3 |  4- 6 || total
-------------------------+-------+-------++-------
 Cast: Foxfire           |    80 |    93 ||   173
  Eat: Chunk             |     2 |     4 ||     6
Armor: Robe              |     1 |     2 ||     3
Dodge: Dodged            |     5 |    15 ||    20

Table legend:
 A = Non-vault XP
 B = Vault XP
 C = Vault XP percentage of total XP
 D = Non-vault monster count
 E = Vault monster count
 F = Vault count percentage of total count
                 A         B        C        D         E       F
            +---------+---------+-------+---------+---------+-------
      Total |     230 |      37 |  13.9 |      47 |       1 |   2.1
            +---------+---------+-------+---------+---------+-------
        D:1 |      31 |       0 |   0.0 |      16 |       0 |   0.0
        D:2 |     162 |       0 |   0.0 |      21 |       0 |   0.0
        D:3 |      37 |      37 |  50.0 |      10 |       1 |   9.1
            +---------+---------+-------+---------+---------+-------
